Map: Submarine LE

Players

Nice

  • Race: Protoss Protoss
  • Spawn Location: 5:00

黑羽快斗 (ButAlways) - Winner!

  • Race: Protoss Protoss
  • League: Master
  • Spawn Location: 11:00

Event: DreamHack SC2 Masters 2020 Fall

VOD

Have the link to the VOD?

Description

Time

  • Played on: Aug. 30, 2020, 8:12 a.m.
  • Length: 6:51

All games in this series

Show
View Real Time Build Order
Export as new Build Order

Nice Protoss 

Build Orders: Phoenix Opening 

Get SALT Encoding   

  12  0:00  Probe  
  13  0:12  Probe  
  14  0:21  Pylon  
  14  0:24  Probe  
  15  0:39  Probe (Chrono Boost)  
  15  0:40  Gateway  
  16  0:49  Assimilator  
  17  0:50  Probe (Chrono Boost)  
  17  0:53  Assimilator  
  17  0:54  Probe (Chrono Boost)  
  18  1:05  Probe (Chrono Boost)  
  18  1:10  Gateway  
  19  1:14  Probe (Chrono Boost)  
  20  1:20  Probe  
  21  1:27  Cybernetics Core  
  21  1:36  Probe  
  21  1:37  Pylon  
  22  1:48  Probe  
  23  2:00  Probe  
  24  2:02  Warp Gate (Chrono Boost), Adept  
  24  2:03  Adept  
  28  2:12  Probe  
  29  2:17  Pylon  
  29  2:32  Stalker  
  29  2:34  Stalker  
  33  2:37  Stargate  
  33  3:02  Stalker  
  33  3:04  Stalker  
  37  3:11  Gateway, Pylon  
  37  3:19  Phoenix (Chrono Boost)  
  39  3:35  Phoenix  
  41  3:43  Stalker  
  41  3:44  Zealot  
  43  4:00  Phoenix  
  45  4:08  Stalker  
  45  4:09  Pylon  
  47  4:15  Pylon  
  46  4:18  Pylon  
  46  4:36  Phoenix (Chrono Boost)  
  46  4:51  Shield Battery  
  46  4:53  Shield Battery  
  46  4:56  Phoenix (Chrono Boost)  
  47  5:06  Gateway  
  47  5:11  Pylon  
  47  5:16  Gateway  
  47  5:29  Phoenix  
  47  5:34  Stalker x2  
  49  5:51  Shield Battery  
  49  5:52  Shield Battery  
  49  6:02  Stalker  
  49  6:03  Stalker  
  51  6:12  Pylon  
  43  6:22  Stalker  
Show
View Real Time Build Order
Export as new Build Order

黑羽快斗 Protoss - Winner!

Build Orders:  

Get SALT Encoding   

  12  0:00  Probe  
  13  0:12  Probe  
  14  0:17  Pylon  
  14  0:24  Probe (Chrono Boost)  
  15  0:36  Gateway, Probe (Chrono Boost)  
  16  0:44  Probe (Chrono Boost)  
  16  0:48  Assimilator  
  17  0:51  Probe  
  17  0:54  Assimilator  
  18  1:03  Probe (Chrono Boost)  
  19  1:08  Gateway  
  19  1:12  Probe (Chrono Boost)  
  19  1:17  Probe (Chrono Boost)  
  21  1:26  Cybernetics Core  
  21  1:29  Probe  
  22  1:38  Pylon  
  22  1:41  Probe  
  23  2:00  Warp Gate (Chrono Boost)  
  23  2:02  Stalker x2  
  27  2:10  Robotics Facility  
  27  2:20  Pylon  
  27  2:32  Stalker x2  
  31  2:38  Gateway  
  31  2:54  Warp Prism (Chrono Boost)  
  33  3:02  Shield Battery  
  33  3:09  Pylon  
  33  3:23  Observer  
  34  3:45  Stalker x3  
  40  3:50  Warp Prism  
  40  4:08  Pylon  
  40  4:09  Sentry  
  42  4:10  Sentry, Stalker  
  45  4:24  Pylon  
  43  4:41  Stalker x2  
  43  4:44  Stalker  
  49  4:57  Twilight Council, Probe  
  47  5:18  Stalker x2  
  50  5:21  Probe  
  51  5:33  Probe  
  50  5:39  Stalker  
  50  5:42  Stalker  
  53  5:52  Sentry  
  54  6:07  Stalker  
  49  6:26  Probe (Chrono Boost)  
  49  6:27  Stalker x2  
  49  6:38  Probe (Chrono Boost)  

Tags
 
Add a new tag
Caveats
  • Supply blocks, unpowered buildings, or Contaminate may cause inaccurate times.
  • Supply counts are checked every 10 seconds.